 Dungeon Crawl Stone Soup version 0.31-a0-233-g139696dc86 (webtiles) character file.

Game seed: 12632273014656731712

586 qw the Shooter (level 7, -1/59 HPs)
             Began as a Minotaur Hexslinger on July 8, 2023.
             Slain by an orc
             ... wielding a +0 trident
              (5 damage)
             ... on level 5 of the Dungeon.
             The game lasted 00:01:33 (3103 turns).

qw the Shooter (Minotaur Hexslinger)                Turns: 3103, Time: 00:01:33

Health: -1/59      AC:  7    Str: 12    XL:     7   Next: 15%
Magic:  7/7        EV: 11    Int: 12    God:
Gold:   108        SH:  5    Dex: 15    Spells: 7/8 levels left

rFire   + . .        Y - +1 sling
rCold   . . .        (no shield)
rNeg    . . .        e - +0 ring mail
rPois   +            (helmet restricted)
rElec   +            (no cloak)
rCorr   .            b - +1 pair of gloves
SInv    .            (no boots)
Will    .....        m - amulet of Pivu {Reflect rElec rPois Regen+ SH+5}
Stlth   ++           d - ring of Conflict {rF+ Int+2 Stlth+}
HPRegen 1.09/turn    (no ring)
MPRegen 0.10/turn

%: reflection
@: about to teleport
A: horns 2, retaliatory headbutt
a: no special abilities


You were on level 5 of the Dungeon.
You visited 1 branch of the dungeon, and saw 5 of its levels.
You also visited: Sewer.

You collected 193 gold pieces.
You spent 85 gold pieces at shops.


Innate Abilities, Weirdness & Mutations

You have a pair of horns on your head.
You reflexively headbutt those who attack you in melee.


   Skills:
 - Level 4.1 Fighting
 + Level 7.4 Ranged Weapons
 - Level 2.3 Armour
 - Level 2.1 Dodging
 - Level 1.0 Spellcasting
 - Level 2.0 Hexes


You had 7 spell levels left.
You knew the following spells:

 Your Spells              Type           Power      Damage    Failure   Level
a - Slow                  Hex            20%        N/A       28%         1

Your spell library contained the following spells:

 Spells                   Type           Power      Damage    Failure   Level
 Inner Flame              Hex/Fire       3%         N/A       78%         3
 Portal Projectile        Hex/Tloc       6%         N/A       78%         3
 Cause Fear               Hex            2%         N/A       96%         4

Inventory:

Hand Weapons
 Y - a +1 sling (weapon)
Armour
 b - a +1 pair of gloves (worn)
 e - a +0 ring mail (worn)
Jewellery
 d - the ring of Conflict (left hand) {rF+ Int+2 Stlth+}
   (You found it in a sewer)

   [ring of protection from fire]

   Int:       It affects your intelligence (+2).
   rF:        It protects you from fire.
   Stlth:     It makes you more stealthy.
 m - the amulet of Pivu (around neck) {Reflect rElec rPois Regen+ SH+5}
   (You found it on level 3 of the Dungeon)

   [amulet of reflection]

   It reflects blocked missile attacks.
   rElec:     It insulates you from electricity.
   rPois:     It protects you from poison.
   Regen:     It increases your rate of health regeneration.
   SH:        It affects your SH (+5).
Scrolls
 j - a scroll of identify
Potions
 a - 2 potions of enlightenment
 f - a potion of mutation
 h - a potion of might {unknown}
 k - a potion of magic {unknown}
 l - 2 potions of curing
 n - a potion of brilliance {unknown}

Dungeon Overview and Level Annotations

Branches:
Dungeon (5/15)              Sewer (visited)
 Temple: D:4-7

Altars:
Hepliaklqana
Nemelex Xobeh
Sif Muna

Shops:
D:4 [


Message History

The dart slug is moderately wounded.
The dart slug barely misses you. The orc barely misses you.
The orc hits you but does no damage. The orc hits you with a +0 hand axe.
You shoot a sling bullet.
The sling bullet hits the dart slug but does no damage.
The dart slug is moderately wounded.
The orc barely misses you. You furiously retaliate!
You headbutt the orc!
You kill the orc!
The orc closely misses you. The orc barely misses you.
The dart slug closely misses you.
You shoot a sling bullet. The sling bullet hits the dart slug.
The dart slug is severely wounded.
The orc hits you with a +0 whip. The orc closely misses you.
An orc priest comes into view. It is wielding a +0 dagger.
You shoot a sling bullet. The sling bullet hits the dart slug!
You kill the dart slug!
The orc closely misses you. x2
The orc priest looks encouraged for a moment.
You shoot a sling bullet.
The sling bullet hits the orc but does no damage.
The orc hits you from afar with a +0 trident.
The orc hits you but does no damage.
You shoot a sling bullet.
The sling bullet hits the scorpion but does no damage.
The orc barely misses you. You block the orc's attack.
The orc priest casts a cantrip, but nothing happens.
The orc hits you with a +0 whip.
The scorpion stings you but does no damage.
You shoot a sling bullet. The sling bullet hits the scorpion.
The scorpion is lightly wounded.
The scorpion misses you. The orc barely misses you.
The orc hits you but does no damage. x2
The orc priest calls down the wrath of Beogh upon you.
Beogh smites you!
3103 ||| READING scroll of teleportation.
As you read the scroll of teleportation, it crumbles to dust.
You feel strangely unstable. You block the scorpion's attack.
The orc hits you from afar with a +0 trident.
You die...

...........
. .........
.. .......#
... ......#
.... ....?
.... ... #
#..#.#.#.#..
#o@o.....#
##s#.#.#.#


{oo .. ##.#. .# ..... .. #o# #. .. ... .. . ## ... ## #< #. You could see a
scorpion, an orc priest and 4 orcs.

Vanquished Creatures
  2 ogres
  A phantom (D:5)
  Blork the orc (D:4)
  A gnoll bouda (D:4)
  Ijyb (D:4)
  A hell rat (Sewer)
  4 gnolls (D:4)
  3 adders
  4 river rats (Sewer)
  2 worms (D:3)
  A dart slug (D:5)
  2 orcs
  3 bats
  9 endoplasms
  3 giant cockroaches
  3 goblins
  6 hobgoblins
  8 jackals
  10 kobolds
  6 quokkas
  7 ball pythons
  3 frilled lizards
  15 rats
96 creatures vanquished.

Notes
Turn   | Place    | Note
-------+----------+-------------------------------------------
     0 | D:1      | qw the Minotaur Hexslinger began the quest for the Orb.
     0 | D:1      | Reached XP level 1. HP: 16/16 MP: 1/1
     0 | D:1      | 0 ||| qw: Version: 0.3-a-46-gb1f654a
     0 | D:1      | 0 ||| qw: Game counter: 3417
     0 | D:1      | 0 ||| qw: Melee chars always use a shield: true
     0 | D:1      | 0 ||| qw: God list: Okawaru
     0 | D:1      | 0 ||| qw: Allow faded altars: false
     0 | D:1      | 0 ||| qw: Do Orc after clearing Dungeon:15 true
     0 | D:1      | 0 ||| qw: Do second Lair branch before Depths: true
     0 | D:1      | 0 ||| qw: Lair rune preference: random
     0 | D:1      | 0 ||| qw: Goals: Normal
     0 | D:1      | 0 ||| PLANNING D:1-11
   338 | D:1      | Reached skill level 3 in Ranged Weapons
   338 | D:1      | Reached XP level 2. HP: 23/23 MP: 2/2
   887 | D:1      | 887 ||| READING scroll labelled DUIZESHIBUA.
   888 | D:1      | 888 ||| READING scroll labelled JAIWEF NOAWN.
   889 | D:1      | 889 ||| READING scroll labelled BUODOC MIDOPN.
   892 | D:1      | 892 ||| READING scroll labelled RIYPPA SARETH.
   893 | D:1      | 893 ||| DROPPING scroll of poison.
   927 | D:2      | Reached XP level 3. HP: 29/29 MP: 3/3
   932 | D:2      | Identified the +1 quarterstaff of the Aged Places {freeze,
                  | Dex+2}
  1111 | D:2      | Reached skill level 4 in Ranged Weapons
  1396 | D:2      | 1396 ||| READING scroll labelled OCWEJAELUCA.
  1412 | D:3      | 1412 ||| PLANNING SEWER
  1426 | D:3      | Found a sparkling altar of Nemelex Xobeh.
  1427 | D:3      | Found a shimmering blue altar of Sif Muna.
  1629 | D:3      | Reached XP level 4. HP: 33/36 MP: 4/4
  1651 | D:3      | Found a hazy altar of Hepliaklqana.
  1953 | D:3      | Identified the amulet of Pivu {Reflect rElec rPois Regen+
                  | SH+5}
  2011 | D:3      | Found a glowing drain.
  2012 | D:3      | 2012 ||| UPGRADING to +0 leather armour.
  2022 | D:3      | 2022 ||| DROPPING +0 robe.
  2023 | D:3      | 2023 ||| UPGRADING to amulet of Pivu {Reflect rElec rPois
                  | Regen+ SH+5}.
  2028 | D:3      | 2028 ||| READING scroll labelled MICSU UJAOLEKU.
  2029 | D:3      | 2029 ||| DRINKING 3 green potions.
  2030 | D:3      | 2030 ||| DRINKING 2 metallic inky potions.
  2031 | D:3      | 2031 ||| DROPPING potion of attraction.
  2040 | Sewer    | Entered a sewer
  2045 | Sewer    | Reached skill level 5 in Ranged Weapons
  2087 | Sewer    | Reached skill level 3 in Fighting
  2097 | Sewer    | Reached XP level 5. HP: 26/45 MP: 5/5
  2097 | Sewer    | 2097 ||| FLEEEEING.
  2122 | Sewer    | Identified the ring of Conflict {rF+ Int+2 Stlth+}
  2137 | Sewer    | 2137 ||| UPGRADING to ring of Conflict {rF+ Int+2 Stlth+}.
  2138 | Sewer    | 2138 ||| READING scroll labelled HIHAME RUTAE.
  2139 | Sewer    | 2139 ||| DRINKING 2 golden potions.
  2140 | Sewer    | 2140 ||| READING 2 scrolls of identify.
  2140 | Sewer    | 2140 ||| IDENTIFYING metallic emerald potion
  2141 | Sewer    | 2141 ||| DROPPING potion of ambrosia.
  2153 | D:3      | 2153 ||| PLANNING D:1-11
  2176 | D:4      | Found Kufir's Armour Shoppe.
  2187 | D:4      | 2187 ||| BUYING +0 pair of gloves (45 gold).
  2187 | D:4      | Bought a +0 pair of gloves for 45 gold pieces
  2187 | D:4      | 2187 ||| BUYING +0 ring mail (40 gold).
  2187 | D:4      | Bought a +0 ring mail for 40 gold pieces
  2244 | D:4      | 2244 ||| FLEEEEING.
  2245 | D:4      | 2245 ||| FLEEEEING.
  2252 | D:4      | 2252 ||| Stepping ~*~*~tactically~*~*~ (outnumbered).
  2268 | D:4      | Reached skill level 6 in Ranged Weapons
  2268 | D:4      | 2268 ||| FLEEEEING.
  2269 | D:4      | 2269 ||| FLEEEEING.
  2270 | D:4      | 2270 ||| FLEEEEING.
  2271 | D:4      | 2271 ||| FLEEEEING.
  2272 | D:4      | 2272 ||| FLEEEEING.
  2273 | D:4      | 2273 ||| FLEEEEING.
  2274 | D:4      | 2274 ||| FLEEEEING.
  2275 | D:4      | 2275 ||| FLEEEEING.
  2276 | D:4      | 2276 ||| FLEEEEING.
  2277 | D:4      | 2277 ||| FLEEEEING.
  2278 | D:4      | 2278 ||| FLEEEEING.
  2279 | D:4      | 2279 ||| FLEEEEING.
  2280 | D:4      | 2280 ||| FLEEEEING.
  2281 | D:4      | 2281 ||| FLEEEEING.
  2282 | D:4      | 2282 ||| FLEEEEING.
  2283 | D:4      | 2283 ||| FLEEEEING.
  2284 | D:4      | 2284 ||| FLEEEEING.
  2360 | D:4      | Noticed Blork the orc
  2370 | D:4      | Killed Blork the orc
  2371 | D:4      | Reached XP level 6. HP: 33/52 MP: 6/6
  2681 | D:4      | HP: 2/52 [ogre/+0 giant club (21)]
  2682 | D:4      | 2682 ||| READING 3 scrolls of teleportation.
  2740 | D:4      | Noticed Ijyb
  2757 | D:4      | Killed Ijyb
  3014 | D:4      | 3014 ||| UPGRADING to +0 pair of gloves.
  3019 | D:4      | 3019 ||| UPGRADING to +0 ring mail.
  3029 | D:4      | 3029 ||| DROPPING +0 leather armour.
  3030 | D:4      | 3030 ||| READING scroll of enchant armour.
  3030 | D:4      | 3030 ||| ENCHANTING +0 pair of gloves.
  3031 | D:4      | 3031 ||| DROPPING amulet of guardian spirit.
  3032 | D:4      | 3032 ||| READING 2 scrolls of identify.
  3032 | D:4      | 3032 ||| IDENTIFYING metallic coppery potion
  3044 | D:5      | Entered Level 5 of the Dungeon
  3056 | D:5      | 3056 ||| STAIRDANCE
  3087 | D:5      | HP: 7/52 [ogre/+0 giant club (12)]
  3088 | D:5      | 3088 ||| READING 2 scrolls of teleportation.
  3091 | D:5      | Reached skill level 7 in Ranged Weapons
  3091 | D:5      | Reached XP level 7. HP: 12/59 MP: 7/7
  3102 | D:5      | HP: 3/59 [orc priest/divine providence (14)]
  3103 | D:5      | 3103 ||| READING scroll of teleportation.
  3103 | D:5      | Slain by an orc

Levels and vault maps discovered:
D:1:      nagdon_arrival_double_spiral, layout_basic,
          chequers_serial_rivers_micro_a
D:2:      layout_rooms
D:3:      minmay_spotlight, layout_rooms, nzn_hepliaklqana_mist_gate,
          mainiacjoe_overflow_divided_tiny, portal_sewer_entry_d
D:4:      layout_loops_ring, serial_shops, shop, chequers_mini_garden,
          uniq_blork_the_orc, uniq_ijyb
D:5:      layout_rooms, minmay_misc_feat_five, grunt_ministairs_6,
          nicolae_specific_store, st_stairs_8, kennysheep_generic_room_15,
          uniq_sigmund, uniq_pikel, uniq_edmund

Skill      XL: |  1  2  3  4  5  6 |
---------------+-------------------+-----
Ranged Weapons | 3 4 5 6 7 |  7.4
Fighting       | 2 3 4 |  4.1
Armour         | 2 |  2.3
Dodging        | |  2.1
Spellcasting   | |  1.0
Hexes          | |  2.0

Action                     |  1- 3 |  4- 6 |  7- 9 || total
---------------------------+-------+-------+-------++-------
   Fire: Sling             |   133 |   223 |    12 ||   368
    Use: Scroll            |     5 |     7 |     1 ||    13
         Potion            |       |     3 |       ||     3
 Armour: Robe              |     6 |     1 |       ||     7
         Leather armour    |       |     6 |       ||     6
         Ring mail         |       |     3 |     6 ||     9
  Dodge: Dodged            |    31 |    58 |    12 ||   101
  Block: Other             |       |    22 |     4 ||    26
         Reflection        |       |     1 |       ||     1

Table legend:
 A = Non-vault XP
 B = Vault XP
 C = Vault XP percentage of total XP
 D = Non-vault monster count
 E = Vault monster count
 F = Vault count percentage of total count
                 A         B        C        D         E       F
            +---------+---------+-------+---------+---------+-------
      Total |     469 |     369 |  44.0 |      72 |      24 |  25.0
            +---------+---------+-------+---------+---------+-------
        D:1 |      38 |       0 |   0.0 |      22 |       0 |   0.0
        D:2 |      37 |       0 |   0.0 |      16 |       0 |   0.0
        D:3 |      18 |      31 |  63.3 |      11 |       7 |  38.9
        D:4 |     248 |     125 |  33.5 |      21 |       2 |   8.7
        D:5 |     128 |     118 |  48.0 |       2 |       3 |  60.0
      Sewer |       0 |      95 | 100.0 |       0 |      12 | 100.0
            +---------+---------+-------+---------+---------+-------
